 Dungeon Crawl Stone Soup version 0.29.1-4-g47bece8355 (webtiles) character file.

Game seed: 15169627261330347017

8890 venomsnake the Fighter (level 11, 0/157 HPs)
             Began as a Minotaur Berserker on Dec 11, 2022.
             Was an Elder of Trog.
             Slain by a manticore (3 damage)
             ... on level 11 of the Dungeon.
             The game lasted 00:34:18 (12298 turns).

venomsnake the Fighter (Minotaur Berserker)        Turns: 12298, Time: 00:34:18

Health: 0/157      AC: 15    Str: 26    XL:     11   Next: 15%
Magic:  10/10      EV: 10    Int: 10    God:    Trog [****..]
Gold:   489        SH:  3    Dex: 10    Spells: 10/10 levels left

rFire   . . .      SeeInvis +   H - +2 war axe (freeze)
rCold   . . .      Faith    .   w - +0 buckler
rNeg    . . .      Spirit   .   q - +0 chain mail
rPois   .          Reflect  .   (helmet restricted)
rElec   .          Harm     .   (no cloak)
rCorr   .          Rampage  .   y - +1 pair of gloves
Will    .....                   B - +0 pair of boots
Stlth   ..........              (no amulet)
HPRegen 0.36/turn               k - +6 ring of intelligence
MPRegen 0.12/turn               v - ring of see invisible

@: berserking, spiked, very quick
A: horns 2, retaliatory headbutt
a: Renounce Religion, Berserk, Trog's Hand, Brothers in Arms


You were on level 11 of the Dungeon.
You worshipped Trog.
Trog was greatly pleased with you.
You visited 1 branch of the dungeon, and saw 11 of its levels.
You also visited: Sewer.

You collected 489 gold pieces.

Inventory:

Hand Weapons
 a - a +0 battleaxe
 G - a +2 hand axe of flaming
 H - a +2 war axe of freezing (weapon)
Missiles
 d - 91 stones (quivered)
Armour
 q - a +0 chain mail (worn)
 w - a +0 buckler (worn)
 y - a +1 pair of gloves (worn)
 B - a +0 pair of boots (worn)
Jewellery
 k - a +6 ring of intelligence (left hand)
 v - a ring of see invisible (right hand)
 F - an amulet of guardian spirit
 I - an amulet of regeneration
Wands
 e - a wand of flame (18)
 r - a wand of quicksilver (21)
 u - a wand of iceblast (14)
Scrolls
 b - 2 scrolls of enchant armour {unknown}
 c - a scroll of fear
 i - a scroll of torment
 j - 6 scrolls of teleportation
 n - 2 scrolls of amnesia
 o - 2 scrolls of fog
 p - 2 scrolls of vulnerability
 t - a scroll of blinking {unknown}
 x - a scroll of poison {unknown}
 A - a scroll of magic mapping {unknown}
 C - a scroll of silence {unknown}
Potions
 f - 2 potions of attraction
 g - 3 potions of invisibility
 h - 2 potions of brilliance
 l - 3 potions of curing
 m - 2 potions of experience
 s - 2 potions of mutation {unknown}
 z - 2 potions of degeneration {unknown}
 D - 2 potions of heal wounds {unknown}
 E - a potion of lignification


   Skills:
 * Level 12.6 Fighting
 + Level 9.1 Axes
 + Level 8.9 Armour
 + Level 8.2 Dodging
 + Level 6.4 Evocations


You had 10 spell levels left.
You didn't know any spells.
Your spell library was empty.

Dungeon Overview and Level Annotations

Branches:
Dungeon (12/15)            Temple (0/1) D:5           Sewer (visited)
   Lair: D:8-11         Orc: D:9-12

Altars:
Kikubaaqudgha
Uskayaw
Wu Jian
Xom

Annotations:
D:3 1 runed translucent door, Crazy Yiuf
D:11 3 runed translucent doors
D:12 4 transporters


Innate Abilities, Weirdness & Mutations

You have a pair of horns on your head.
You reflexively headbutt those who attack you in melee.


Message History

The boulder beetle bites you!
* * * LOW HITPOINT WARNING * * *
You slice the boulder beetle!! You freeze the boulder beetle.
You kill the boulder beetle!
Trog accepts your kill.
You closely miss the kobold. You headbutt the kobold.
You kill the kobold!
Trog accepts your kill.
You start resting.
You feel a strong urge to attack something.
You start resting.
You feel your anger nearly subside.
You are no longer berserk.
You are exhausted.
You feel yourself slow down.
You start resting.
An orc wizard comes into view. It is wielding a +0 dagger.
You start resting.
You feel yourself speed up.
You start resting.
You recover from your berserk rage.
A manticore comes into view.
The manticore flicks its tail.
The volley of spikes misses you.
You hear a shout! x2
You fail to use your ability.
You hear a shout! x3
You fail to use your ability.
The manticore flicks its tail.
The volley of spikes hits you!
The barbed spikes become lodged in your body.
* * * LOW HITPOINT WARNING * * *
You fail to use your ability.
A red film seems to cover your vision as you go berserk!
You feel yourself moving faster!
You feel mighty! The manticore closely misses you.
The manticore barely misses you. The manticore closely misses you.
You barely miss the manticore. The manticore bites you!
* * * LOW HITPOINT WARNING * * *
The manticore claws you.
You die...

###################
#########..................
#.....BK>...............###
#.###########..............
#.###########)##########...
#.#....^..@H.†....... .##
#.#.#########†####### .#
#.# ..# .#. #.# ..# .## #K#
.... #. #.# .... ... #.#
....#o #++ #.# .#. ..B #B#
#..


You could see a manticore.

Vanquished Creatures
  A boulder beetle (D:11)
  2 manticores (D:12)
  A gargoyle (D:11)
  A kobold demonologist (D:11)
  A troll (D:11)
  A wraith (D:11)
  2 vampire mosquitoes (D:11)
  A water moccasin (D:6)
  Pargi (Sewer)
  4 orc warriors
  A sky beast (D:7)
  An ice beast (D:7)
  3 black bears
  4 ogres
  2 centaurs
  4 kobold brigands
  4 bullfrogs
  A wyvern zombie (D:7)
  A gnoll sergeant (D:7)
  3 scorpions
  A water moccasin zombie (D:7)
  11 wights
  14 killer bees
  6 howler monkeys
  A gnoll bouda (D:8)
  8 orc priests
  2 jellies
  2 centaur zombies (D:7)
  3 iguanas
  Terence (D:3)
  14 orc wizards
  A killer bee zombie (D:7)
  2 howler monkey zombies (D:7)
  13 gnolls
  6 adders
  5 white imps
  An ufetubus (D:4)
  5 worms
  3 dart slugs
  30 orcs
  7 bats
  7 endoplasms
  A giant cockroach (D:1)
  6 goblins
  9 hobgoblins
  5 jackals
  6 ball pythons
  3 frilled lizards
  15 kobolds
  9 rats
236 creatures vanquished.

Vanquished Creatures (collateral kills)
  2 two-headed ogres
2 creatures vanquished.

Vanquished Creatures (others)
  Maurice (D:8)
  An orc (D:8)
  23 plants (D:4)
  3 withered plants (D:7)
28 creatures vanquished.

Grand Total: 266 creatures vanquished

Notes
Turn   | Place    | Note
-------+----------+-------------------------------------------
     0 | D:1      | venomsnake the Minotaur Berserker began the quest for the
                  | Orb.
     0 | D:1      | Reached XP level 1. HP: 19/19 MP: 0/0
   305 | D:1      | Reached XP level 2. HP: 19/27 MP: 1/1
   461 | D:1      | Reached skill level 4 in Fighting
   944 | D:2      | Reached skill level 1 in Evocations
   944 | D:2      | Reached XP level 3. HP: 31/33 MP: 2/2
   971 | D:2      | Identified the +0 scale mail of a Labyrinth {rF+ Will+
                  | Regen+ MP+9}
  1119 | D:2      | Reached XP level 4. HP: 41/41 MP: 3/3
  1134 | D:2      | Reached ** piety under Trog
  1268 | D:2      | Found a faded altar of an unknown god.
  1724 | D:3      | Reached skill level 5 in Fighting
  1724 | D:3      | Reached XP level 5. HP: 25/48 MP: 4/4
  1910 | D:3      | Found a runed translucent door.
  1911 | D:3      | Noticed Crazy Yiuf
  1940 | D:3      | Noticed a black bear
  1951 | D:3      | Killed a black bear
  2134 | D:3      | Found a glowing drain.
  2156 | Sewer    | Entered a sewer
  2195 | Sewer    | Noticed Pargi
  2206 | Sewer    | Killed Pargi
  2207 | Sewer    | Reached XP level 6. HP: 22/57 MP: 5/5
  2696 | D:3      | Noticed Terence
  2702 | D:3      | Killed Terence
  2703 | D:3      | Reached skill level 6 in Fighting
  3193 | D:4      | Reached *** piety under Trog
  3316 | D:4      | Found a shimmering altar of Xom.
  3609 | D:4      | Reached skill level 5 in Axes
  3609 | D:4      | Reached XP level 7. HP: 60/64 MP: 6/6
  4111 | D:5      | Entered Level 5 of the Dungeon
  4489 | D:5      | Reached skill level 7 in Fighting
  4872 | D:5      | Reached skill level 5 in Armour
  4971 | D:5      | Found a staircase to the Ecumenical Temple.
  5511 | D:5      | Reached XP level 8. HP: 61/73 MP: 7/7
  6232 | D:6      | Reached skill level 8 in Fighting
  6393 | D:6      | Found an ancient bone altar of Kikubaaqudgha.
  6615 | D:6      | Reached skill level 5 in Dodging
  7299 | D:7      | Reached skill level 9 in Fighting
  7524 | D:7      | Reached XP level 9. HP: 71/83 MP: 8/8
  7816 | D:7      | Reached **** piety under Trog
  8219 | D:7      | Found a hide-covered altar of Uskayaw.
  8759 | D:8      | Reached skill level 10 in Fighting
  8872 | D:8      | Noticed a two-headed ogre
  8980 | D:8      | Reached ***** piety under Trog
  9127 | D:8      | Noticed Maurice
  9154 | D:8      | Identified the +7 short sword of Plunder {vamp, MP-9 Dex+4}
  9180 | D:8      | Killed Maurice
  9181 | D:8      | Reached skill level 5 in Evocations
  9751 | D:8      | Reached XP level 10. HP: 94/94 MP: 9/9
  9805 | D:8      | Killed a two-headed ogre
  9806 | D:8      | Reached skill level 11 in Fighting
  9893 | D:8      | Found an ornate altar of the Wu Jian Council.
 11383 | D:9      | You fall into a shaft and drop 3 floors!
 11383 | D:12     | Found a transporter.
 11383 | D:12     | Found a transporter.
 11385 | D:12     | Noticed a manticore
 11393 | D:12     | Killed a manticore
 11437 | D:12     | Noticed a boulder beetle
 11511 | D:12     | Found a transporter.
 11514 | D:12     | Found a transporter.
 11514 | D:12     | Noticed a manticore
 11525 | D:12     | Killed a manticore
 11592 | D:11     | Noticed a gargoyle
 11605 | D:11     | Killed a gargoyle
 11606 | D:11     | Reached skill level 12 in Fighting
 11922 | D:11     | Noticed a two-headed ogre
 11944 | D:11     | Killed a two-headed ogre
 12124 | D:11     | Found a runed translucent gate.
 12124 | D:11     | Found a runed translucent gate.
 12125 | D:11     | Found a runed translucent gate.
 12126 | D:11     | Noticed a boulder beetle
 12194 | D:11     | Noticed a boulder beetle
 12197 | D:11     | Reached XP level 11. HP: 80/105 MP: 10/10
 12240 | D:11     | HP: 1/157 [boulder beetle (11)]
 12241 | D:11     | Killed a boulder beetle
 12298 | D:11     | HP: 3/157 [manticore (10)]
 12298 | D:11     | Slain by a manticore

Illustrated notes

Levels and vault maps discovered:
D:1:      dpeg_arrival_orchard, layout_loops_ring, kennysheep_nondescript
D:2:      layout_basic, hellmonk_ecumenical_altar_zigzags
D:3:      layout_loops_cross, cheibrodos_sewer_entry_sluice,
          hangedman_decor_points, minmay_fractal_squares_diagonal_5,
          uniq_terence, uniq_crazy_yiuf_cottage
D:4:      layout_basic, mainiacjoe_overflow_concentric_impassable,
          serial_bayou_lagoon_a
D:5:      layout_loops_corners, lemuel_temple_firewalk_b, serial_bayou_pond_d,
          kennysheep_generic_room_14
D:6:      layout_loops_corners, kiku_gazebo_garden_becter
D:7:      layout_rooms, nicolae_uskayaw_dance_studio, serial_undead,
          serial_undead_a, serial_undead_a, serial_undead_f, serial_undead_c,
          grunt_ministairs_12
D:8:      layout_loops_cross, kennysheep_mini_moat, uniq_maurice
D:9:      layout_loops_ring, kennysheep_ying_yang
D:11:     layout_basic, maelrawn_ghost_gauntlet_escape, laboratory
D:12:     lemuel_ogre_cave, layout_basic, serial_nicolae_subway,
          nicolae_sub_station_metal, nicolae_sub_station_stone,
          nicolae_sub_station_crystal

Skill      XL: |  1  2  3  4  5  6  7  8  9 10 11 |
---------------+----------------------------------+-----
Fighting       | 4 5 6 7 9 10 12 | 12.6
Evocations     | 1 2 3 4 5 6 |  6.4
Axes           | 4 5 6 7 8 9 |  9.1
Armour         | 3 4 5 6 7 8 |  8.9
Dodging        | 3 4 5 6 7 8 |  8.2

Action                   |  1- 3 |  4- 6 |  7- 9 | 10-12 || total
-------------------------+-------+-------+-------+-------++-------
Melee: War axe           |    47 |   127 |   318 |   117 ||   609
       Hand axe          |     6 |       |       |       ||     6
       Headbutt          |     6 |    22 |    67 |    35 ||   130
Invok: Berserk           |       |       |     1 |     2 ||     3
       Brothers in Arms  |       |       |       |     3 ||     3
Evoke: Wand              |       |       |       |     2 ||     2
  Use: Scroll            |       |    10 |     2 |     2 ||    14
       Potion            |       |       |       |     1 ||     1
Armor: Animal skin       |     9 |     4 |       |       ||    13
       Ring mail         |       |     7 |       |       ||     7
       Chain mail        |       |    53 |   197 |   121 ||   371
Dodge: Dodged            |    39 |    66 |   151 |   105 ||   361
Block: Buckler           |       |       |    31 |    33 ||    64
